Map: Incorporeal LE

Players

ManlyManMeat - Winner!

  • Race: Terran Terran
  • League: Master
  • Spawn Location: 11:00

naishman

  • Race: Zerg Zerg
  • League: Gold
  • Spawn Location: 5:00

VOD

Have the link to the VOD?

Description

Time

  • Played on: May 18, 2025, 1:16 p.m.
  • Length: 6:15
Show
View Real Time Build Order
Export as new Build Order

ManlyManMeat Terran - Winner!

Build Orders: Reaper Expand 

Get SALT Encoding   

  12  0:00  SCV  
  13  0:13  SCV  
  14  0:19  Supply Depot  
  14  0:25  SCV  
  15  0:40  SCV  
  15  0:42  Barracks  
  16  0:45  Refinery  
  16  0:52  SCV  
  17  1:04  SCV  
  18  1:17  SCV  
  19  1:29  Orbital Command  
  19  1:31  Reaper  
  20  1:43  Command Center  
  20  1:58  SCV  
  21  2:04  Supply Depot  
  21  2:08  Marine  
  21  2:15  Barracks  
  22  2:26  Marine  
  22  2:27  Refinery  
  23  2:49  SCV  
  23  2:50  Barracks Reactor  
  24  3:01  SCV  
  24  3:05  Orbital Command  
  25  3:15  Factory  
  25  3:16  Barracks Reactor  
  24  3:26  Bunker  
  24  3:27  Marine x2  
  24  3:31  SCV  
  24  3:32  SCV  
  28  3:43  SCV  
  28  3:44  Marine  
  28  3:45  Marine  
  30  3:49  Orbital Command  
  23  4:20  SCV x2  
  23  4:23  Hellion x2  
  29  4:27  Starport  
  29  4:32  SCV x2  
  31  4:40  Bunker  
  31  4:42  Marine, Barracks Tech Lab  
  31  4:43  Marine  
  31  4:44  SCV x2  
  35  4:47  Engineering Bay  
  35  4:52  Hellion x2  
  39  4:56  SCV x2  
  41  5:01  Supply Depot  
  41  5:08  SCV x2  
  41  5:13  Hellion  
  45  5:23  Hellion  
  47  5:34  Hellion  
  47  5:38  Marine x2  
  47  5:39  Marauder  
  51  5:44  Hellion  
  51  5:49  SCV  
  54  5:53  Supply Depot  
  54  5:57  Supply Depot  
Show
View Real Time Build Order
Export as new Build Order

naishman Zerg 

Build Orders: Hatch First 

Get SALT Encoding   

  12  1:11  Hatchery  
  11  1:17  Drone  
  12  1:19  Hatchery  
  12  1:22  Drone  
  12  1:29  Drone  
  12  1:31  Hatchery  
  12  1:39  Drone  
  14  1:40  Drone  
  14  1:49  Overlord  
  14  2:05  Spawning Pool  
  14  2:08  Drone  
  14  2:11  Drone  
  15  2:21  Drone  
  16  2:34  Drone, Spawning Pool  
  16  2:40  Drone  
  16  2:42  Drone  
  17  2:47  Drone  
  18  2:53  Zergling x8  
  18  2:57  Zergling x2  
  24  2:59  Zergling x2  
  24  3:03  Zergling x2  
  24  3:06  Zergling x2  
  24  3:09  Drone  
  25  3:13  Drone  
  25  3:17  Drone  
  27  3:25  Drone  
  27  3:26  Drone  
  29  3:27  Drone  
  29  3:30  Extractor  
  29  3:34  Extractor, Drone  
  29  3:37  Drone  
  29  3:40  Drone  
  31  3:44  Drone  
  31  3:46  Drone  
  29  4:09  Drone x8  
  33  4:12  Drone  
  34  4:18  Drone x2  
  34  4:20  Drone  
  37  4:26  Overlord  
  37  4:30  Overlord  
  37  4:34  Drone  
  37  4:36  Drone  
  37  4:37  Drone  
  40  4:43  Overlord  
  40  4:44  Extractor  
  40  4:45  Extractor  
  38  4:46  Drone x2  
  38  4:48  Drone  
  38  4:50  Drone  
  38  4:52  Drone  
  43  4:54  Drone  
  44  5:07  Drone  
  44  5:08  Drone x7  
  51  5:20  Zergling x2  
  51  5:21  Zergling x6  
  55  5:25  Zergling x4  
  55  5:26  Zergling x2  
  43  5:35  Zergling x2  
  43  5:36  Zergling x6  
  43  5:39  Zergling x2  
  37  5:51  Zergling x8  
  35  5:58  Zergling x2  
Tags
 
Add a new tag
Caveats
  • Supply blocks, unpowered buildings, or Contaminate may cause inaccurate times.
  • Supply counts are checked every 10 seconds.